 Dungeon Crawl Stone Soup version 0.25-a0-1137-g7f6bfe439b (webtiles) character file.

Game seed: 11673707262091776844, levelgen mode: classic

567 Amnesiac the Spear-Bearer (level 7, 0/52 HPs)
             Began as a Merfolk Skald on May 23, 2020.
             Was a Follower of Okawaru.
             Slain by a worker ant (4 damage)
             ... on level 4 of the Dungeon.
             The game lasted 00:10:52 (4782 turns).

Amnesiac the Spear-Bearer (Merfolk Skald)           Turns: 4782, Time: 00:10:52

Health: 0/52       AC:  3    Str: 14    XL:     7   Next: 33%
Magic:  1/10       EV: 12    Int: 12    God:    Okawaru [*.....]
Gold:   91         SH:  0    Dex: 13    Spells: 4/10 levels left

rFire    + . .     SeeInvis .   a - +1 spear
rCold    + . .     Gourm    .   (no shield)
rNeg     . . .     Faith    .   b - +0 leather armour
rPois    +         Spirit   .   n - +0 helmet
rElec    +         Reflect  .   (no cloak)
rCorr    +         Harm     .   (no gloves)
MR       .....                  f - +2 pair of boots
Stlth    +.........             c - amulet of inaccuracy (curse)
HPRegen  0.17/turn              m - -4 ring of protection (curse)
MPRegen  0.12/turn              (no ring)

@: resistant, singing
A: change form in water, swift swim, stealthy swim
a: Heroism, Renounce Religion


You were on level 4 of the Dungeon.
You worshipped Okawaru.
Okawaru was aware of your devotion.
You were not hungry.

You visited 1 branch of the dungeon, and saw 5 of its levels.

You collected 91 gold pieces.

Inventory:

Hand Weapons
 a - a +1 spear (weapon)
Armour
 b - a +0 leather armour (worn)
 f - a +2 pair of boots (worn)
 n - a +0 helmet (worn)
Jewellery
 c - a cursed amulet of inaccuracy (around neck)
 i - a cursed ring of teleportation {unknown}
 m - a cursed -4 ring of protection (left hand)
Scrolls
 k - a scroll of magic mapping {!r}
Potions
 e - a potion of resistance {!q}
Comestibles
 d - 5 rations
 h - 3 chunks of flesh


   Skills:
 - Level 3.0 Fighting
 * Level 9.2 Polearms
 - Level 0.6 Armour
 - Level 2.6 Dodging
 - Level 2.0 Spellcasting
 + Level 5.6 Charms


You had 4 spell levels left.
You knew the following spells:

 Your Spells              Type           Power        Failure   Level  Hunger
a - Infusion              Chrm           ##..         3%          1    ##.....
b - Song of Slaying       Chrm           ##......     5%          2    ###....
e - Spectral Weapon       Hex/Chrm       #.......     32%         3    ####...

Your spell library contained the following spells:

 Spells                   Type           Power        Failure   Level  Hunger
 Shroud of Golubria       Chrm/Tloc      #.....       17%         2    ###....
 Ozocubu's Armour         Chrm/Ice       #.......     32%         3    ####...


Dungeon Overview and Level Annotations

Branches:
Dungeon (5/15)
 Temple: D:4-7

Altars:
Ashenzari
Cheibriados
Elyvilon
Fedhas
Gozag
Okawaru
Qazlal
Sif Muna
Uskayaw
Wu Jian
Xom
Zin
The Shining One

Annotations:
D:5 Pikel


Message History

The slave hits you.
* * * LOW HITPOINT WARNING * * *
Your magical infusion is running out.
The slave hits your spectral weapon!
Your spectral weapon shares its damage with you!
* * * LOW HITPOINT WARNING * * *
Really quaff
e - 2 silvery potions {!q}?
It was a potion of resistance {!q}.
You feel protected.
Your song has ended.
The slave hits your spectral weapon but does no damage.
There is a shimmering blue altar of Sif Muna here.
You are no longer magically infusing your attacks.
A worker ant comes into view.
The worker ant twitches its antennae in your direction.
Really read
g - a scroll of teleportation {!r}?
As you read the scroll of teleportation {!r}, it crumbles to dust.
You feel strangely unstable. The slave hits your spectral weapon.
Your spectral weapon shares its damage with you!
Your spectral weapon fades away.
* * * LOW HITPOINT WARNING * * *
Your surroundings suddenly seem different.
An ogre comes into view. It is wielding a +0 giant spiked club.
The ogre shouts!
An adder comes into view.
The adder hisses angrily.
A bullfrog skeleton comes into view.
An iguana comes into view.
The iguana hisses angrily.
An orc comes into view. It is wielding a -2 dagger.
A worker ant comes into view.
The iguana moves out of view.
The orc shouts!
Found 6 gold pieces.
The worker ant misses you.
You see here 6 gold pieces.
Okay, then.
Okay, then.
Okay, then.
Casting: Spectral Weapon (dangerous; 32% risk of failure)
Confirm with . or Enter, or press ? or * to list all spells.
You start singing a song of slaying.
The worker ant misses you.
You hit the worker ant but do no damage.
The worker ant bites you but does no damage.
You hit the worker ant.
The worker ant is lightly wounded.
You hit the worker ant.
The worker ant is moderately wounded.
The worker ant bites you but does no damage.
You hit the worker ant.
The worker ant is heavily wounded.
The worker ant closely misses you.
You miss the worker ant.
The worker ant is heavily wounded.
The worker ant completely misses you.
You barely miss the worker ant.
The worker ant is heavily wounded.
The worker ant bites you but does no damage.
You miss the worker ant.
The worker ant is heavily wounded.
Your magical contamination has completely faded away.
You hit the worker ant but do no damage.
The worker ant is heavily wounded.
The worker ant bites you.
You die...

#.........#
##'##'##+##
##..#..#
###.##...#
#..#(##o..#
##.#..##.$#
##+##+##+#
###......#
##@#......#
#a##.O.Z..#
#Sl.###...#
#o..# .Z.#
#....# ...#
#......####
#......#
#.......#
#########


You could see a worker ant, an adder and an orc.

Vanquished Creatures
  3 slaves
  A phantom (D:5)
  Blork the orc (D:4)
  A scorpion (D:4)
  A bullfrog zombie (D:5)
  A hound (D:4)
  An orc priest (D:4)
  Natasha (thrice) (D:2)
  2 worker ants
  Robin (D:2)
  4 adders
  2 oozes
  2 worms
  An adder skeleton (D:4)
  7 dart slugs
  2 leopard geckos
  3 orcs (D:4)
  3 ball pythons
  A giant cockroach (D:1)
  15 goblins
  7 hobgoblins
  5 jackals
  2 bats
  4 frilled lizards
  4 kobolds
  A leopard gecko skeleton (D:4)
  6 rats
  A plant (D:2)
85 creatures vanquished.

Vanquished Creatures (others)
  A spectral weapon (D:4)
1 creature vanquished.

Grand Total: 86 creatures vanquished

Notes
Turn   | Place    | Note
-------+----------+-------------------------------------------
     0 | D:1      | Amnesiac the Merfolk Skald began the quest for the Orb.
     0 | D:1      | Reached XP level 1. HP: 16/16 MP: 3/3
    84 | D:1      | Reached XP level 2. HP: 12/23 MP: 0/5
   352 | D:1      | Reached skill level 4 in Polearms
   376 | D:1      | Reached XP level 3. HP: 22/28 MP: 1/6
   383 | D:1      | Learned a level 2 spell: Song of Slaying
   387 | D:1      | Learned a level 3 spell: Spectral Weapon
   862 | D:2      | Found a snail-covered altar of Cheibriados.
   952 | D:2      | Found an iron altar of Okawaru.
   952 | D:2      | Found a blossoming altar of Fedhas.
   956 | D:2      | Became a worshipper of Warmaster Okawaru
  1137 | D:2      | Found a shattered altar of Ashenzari.
  1138 | D:2      | Noticed Robin
  1204 | D:2      | Reached XP level 4. HP: 25/34 MP: 1/7
  1434 | D:2      | Killed Robin
  1434 | D:2      | Reached skill level 5 in Polearms
  1813 | D:2      | Noticed Natasha
  1868 | D:2      | Killed Natasha
  1872 | D:2      | Found a shimmering altar of Xom.
  1872 | D:2      | Found a shimmering altar of Xom.
  1878 | D:2      | Found a shimmering altar of Xom.
  1983 | D:2      | Noticed Natasha
  1990 | D:2      | Killed Natasha
  1990 | D:2      | Reached skill level 6 in Polearms
  1990 | D:2      | Reached XP level 5. HP: 23/41 MP: 4/8
  2115 | D:2      | Found a glowing golden altar of the Shining One.
  2115 | D:2      | Found a white marble altar of Elyvilon.
  2115 | D:2      | Found a glowing silver altar of Zin.
  2136 | D:2      | Noticed Natasha
  2437 | D:2      | Killed Natasha
  2818 | D:3      | Found a hide-covered altar of Uskayaw.
  2824 | D:3      | Found an opulent altar of Gozag.
  2824 | D:3      | Found a stormy altar of Qazlal.
  2829 | D:3      | Found an ornate altar of the Wu Jian Council.
  3112 | D:4      | Noticed a slave
  3179 | D:3      | Killed a slave
  3340 | D:4      | Reached skill level 7 in Polearms
  3340 | D:4      | Reached XP level 6. HP: 34/47 MP: 6/9
  3385 | D:4      | Noticed Pikel
  3385 | D:4      | Noticed a slave
  3386 | D:4      | Noticed a slave
  3386 | D:4      | Noticed a slave
  3395 | D:4      | HP: 2/47 [worker ant (4)]
  3794 | D:4      | Noticed Blork the orc
  3812 | D:4      | Killed Blork the orc
  3812 | D:4      | Reached * piety under Okawaru
  4050 | D:4      | Reached skill level 8 in Polearms
  4050 | D:4      | Reached skill level 5 in Charms
  4062 | D:4      | Noticed an orc warrior
  4309 | D:5      | Entered Level 5 of the Dungeon
  4317 | D:5      | Killed a slave
  4352 | D:5      | Reached XP level 7. HP: 23/52 MP: 1/10
  4595 | D:4      | Found a shimmering blue altar of Sif Muna.
  4598 | D:4      | Reached skill level 9 in Polearms
  4754 | D:4      | HP: 1/52 [slave[Pikel] (4)]
  4765 | D:4      | HP: 2/52 [slave[Pikel] (1)]
  4782 | D:4      | Slain by a worker ant

Illustrated notes

Levels and vault maps discovered:
D:1:      dpeg_arrival_three_same_balls, layout_rooms
D:2:      layout_basic, good_gods_mini_temple, evilmike_ruin_ashenzari,
          xom_redecorated, gammafunk_temple_overflow_forgotten, uniq_natasha,
          uniq_robin
D:3:      layout_basic, minitemple, first_ration
D:4:      minmay_chambers_of_threes, layout_rooms, lemuel_crystal_altar,
          wad_orctagon, uniq_pikel, uniq_blork_the_orc
D:5:      layout_loops_corners, minmay_temple_entry_hall, serial_shops, shop

Skill      XL: |  1  2  3  4  5  6  7 |
---------------+----------------------+-----
Polearms       | 4 6 7 8 9 |  9.2
Fighting       | 3 |  3.0
Charms         | 4 5 |  5.6
Armour         | |  0.6
Dodging        | |  2.6
Spellcasting   | |  2.0

Action                   |  1- 3 |  4- 6 |  7- 9 || total
-------------------------+-------+-------+-------++-------
Melee: Spear             |   146 |   207 |    51 ||   404
 Cast: Infusion          |    15 |    14 |     3 ||    32
       Spectral Weapon   |     1 |    17 |     5 ||    23
       Song of Slaying   |     1 |     1 |     2 ||     4
  Use: Scroll            |       |     8 |     1 ||     9
       Potion            |       |     4 |     1 ||     5
  Eat: Chunk             |       |    14 |     1 ||    15
       Ration            |       |     1 |       ||     1
Armor: Leather armour    |     4 |    25 |     3 ||    32
       Skin              |       |     3 |       ||     3
Dodge: Dodged            |    43 |    95 |    27 ||   165

Table legend:
 A = Non-vault XP
 B = Vault XP
 C = Vault XP percentage of total XP
 D = Non-vault monster count
 E = Vault monster count
 F = Vault count percentage of total count
                 A         B        C        D         E       F
            +---------+---------+-------+---------+---------+-------
      Total |     549 |     262 |  32.3 |      63 |      18 |  22.2
            +---------+---------+-------+---------+---------+-------
        D:1 |      53 |       0 |   0.0 |      23 |       0 |   0.0
        D:2 |     107 |      73 |  40.6 |      13 |      14 |  51.9
        D:3 |     102 |       0 |   0.0 |      15 |       0 |   0.0
        D:4 |     120 |     189 |  61.2 |      10 |       4 |  28.6
        D:5 |     167 |       0 |   0.0 |       2 |       0 |   0.0
            +---------+---------+-------+---------+---------+-------
